 Dungeon Crawl Stone Soup version 0.21.1-1-g345015f (webtiles) character file.

523998 letownia2 the Epochal (level 25, -3/179 HPs)
             Began as a Gnoll Skald on Mar 2, 2018.
             Was an Elder of Cheibriados.
             Slain by an electric golem (9 damage)
             ... on level 4 of the Realm of Zot.
             The game lasted 02:51:40 (18764 turns).

letownia2 the Epochal (Gnoll Skald)                Turns: 18764, Time: 02:51:41

Health: -3/179     AC: 39    Str: 27    XL:     25   Next: 39%
Magic:  0/30       EV: 24    Int: 34    God:    Cheibriados [****..]
Gold:   3159       SH: 21    Dex: 28    Spells: 1/57 levels left

rFire    + . .     SeeInvis +   a - +4 arc blade {discharge, rElec}
rCold    + . .     Gourm    .   V - +5 shield {reflect}
rNeg     + . .     Faith    +   w - +6 gold dragon scales of Generosity {rPois rF+ rC+ MR+ Str+4 Dex+5}
rPois    +         Spirit   .   S - +3 crown of Dyrovepreva {rElec Int+2 SInv}
rElec    +         Reflect  +   B - +2 cloak
rCorr    .         Harm     .   p - +0 pair of gloves of Detuextu {+Fly Regen+}
MR       ++...     Rnd*Rage +   M - +2 pair of boots Stlth ..........Rnd*Tele +
                                T - amulet of faith
HPRegen  0.79/turn              N - +5 ring of evasion
MPRegen  0.22/turn              Q - ring of positive energy

@: about to teleport, studying Transmutations, very slow
A: distributed training, fangs 1, berserk 1, blurry vision 1, clumsy 1,
deterioration 2, dopey 1, frail 1, low mp 3, screaming 1, teleportitis 2, weak
2, subdued magic 1, MP-powered wands, strong nose
}: 3/15 runes: decaying, silver, gossamer
a: Bend Time, Temporal Distortion, Slouch, Renounce Religion, Evoke Flight


You were on level 4 of the Realm of Zot.
You worshipped Cheibriados.
Cheibriados was greatly pleased with you.
You were not hungry.

You visited 10 branches of the dungeon, and saw 48 of its levels.
You visited 1 bazaar.
You also visited: Labyrinth and Volcano.

You collected 3856 gold pieces.
You spent 697 gold pieces at shops.

Inventory:

Hand Weapons
 a - the +4 arc blade (weapon) {discharge, rElec}
   (You found it on level 6 of the Lair of Beasts)

   It insulates you from electricity.
 b - the +7 long sword of Impeachment {slice, Str+2 Int+4}
   (You found it on level 2 of the Realm of Zot)

   It inflicts extra damage upon your enemies.
   It affects your strength (+2).
   It affects your intelligence (+4).
Missiles
 E - 5 javelins (quivered)
 K - 4 throwing nets
 P - 3 javelins of penetration
Armour
 p - the +0 pair of gloves of Detuextu (worn) {+Fly Regen+}
   (You acquired it on level 11 of the Dungeon)

   It lets you fly.
   It increases your rate of regeneration.
 w - the +6 gold dragon scales of Generosity (worn) {rPois rF+ rC+ MR+ Str+4 Dex+5}
   (You acquired it on level 1 of the Swamp)

   It affects your strength (+4).
   It affects your dexterity (+5).
   It protects you from fire.
   It protects you from cold.
   It protects you from poison.
   It affects your resistance to hostile enchantments.
 B - a +2 cloak (worn)
 M - a +2 pair of boots (worn)
 S - the +3 crown of Dyrovepreva (worn) {rElec Int+2 SInv}
   (You found it on level 4 of the Swamp)

   It affects your intelligence (+2).
   It insulates you from electricity.
   It lets you see invisible.
 V - a +5 shield of reflection (worn)
Jewellery
 C - the amulet of Fitisiu {Reflect MR+ SH+3}
   (You found it on level 1 of the Realm of Zot)

   [amulet of reflection]

   It shields you and reflects attacks.
   It affects your resistance to hostile enchantments.
   It affects your SH (+3).
 N - a +5 ring of evasion (left hand)
 Q - a ring of positive energy (right hand)
 T - an amulet of faith (around neck)
Wands
 m - a wand of digging (28)
 y - a wand of iceblast (34)
 I - a wand of acid (8)
 J - a wand of scattershot (3)
 Y - a wand of polymorph (20)
 Z - a wand of clouds (7)
Scrolls
 g - a scroll of identify
 j - 2 scrolls of holy word
 k - 10 scrolls of remove curse
 r - a scroll of fog
 s - 4 scrolls of teleportation
 H - 5 scrolls of blinking
 O - 2 scrolls of fear
 R - 6 scrolls of immolation
 X - 2 scrolls of silence
Potions
 c - 4 potions of might
 e - 2 potions of resistance
 f - 2 potions of mutation
 h - a potion of invisibility
 l - 3 potions of magic
 u - 6 potions of flight
 v - a potion of agility
 x - 2 potions of brilliance
 D - a potion of lignification
 U - 2 potions of cancellation
Books
 z - a book of Clouds

   Spells                             Type                      Level
   a - Poisonous Vapours              Poison/Air                   2
   b - Mephitic Cloud                 Conjuration/Poison/Air       3
   c - Conjure Flame                  Conjuration/Fire             3
   d - Freezing Cloud                 Conjuration/Ice/Air          6
   e - Ring of Flames                 Charms/Fire                  7
 A - a book of Power

   Spells                             Type                      Level
   a - Iskenderun's Battlesphere      Conjuration/Charms           5
   b - Venom Bolt                     Conjuration/Poison           5
   c - Bolt of Magma                  Conjuration/Fire/Earth       5
   d - Iron Shot                      Conjuration/Earth            6
   e - Orb of Destruction             Conjuration                  7
   f - Spellforged Servitor           Conjuration/Summoning        7
 G - a manual of Transmutations
 L - a Grand Grimoire

   Spells                             Type                      Level
   a - Monstrous Menagerie            Summoning                    7
   b - Summon Greater Demon           Summoning                    7
   c - Malign Gateway                 Summoning/Translocation      7
   d - Summon Horrible Things         Summoning                    8
Miscellaneous
 i - the horn of Geryon
 o - a fan of gales
 F - 2 phantom mirrors
 W - a phial of floods
Comestibles
 d - 45 rations
 t - 3 chunks of flesh


   Skills:
 + Level 16.5 Fighting
 + Level 16.0 Short Blades
 + Level 16.0 Long Blades
 + Level 16.0 Axes
 + Level 16.0 Maces & Flails
 + Level 16.5 Polearms
 + Level 16.0 Staves
 + Level 16.0 Slings
 + Level 16.0 Bows
 + Level 16.0 Crossbows
 + Level 16.0 Throwing
 + Level 16.2 Armour
 + Level 16.5 Dodging
 + Level 16.0 Stealth
 + Level 16.0 Shields
 + Level 16.0 Unarmed Combat
 + Level 16.6 Spellcasting
 + Level 13.8 Conjurations
 + Level 13.8 Hexes
 + Level 14.6 Charms
 + Level 13.8 Summonings
 + Level 13.8 Necromancy
 + Level 13.8 Translocations
 + Level 15.8 Transmutations
 + Level 13.8 Fire Magic
 + Level 13.8 Ice Magic
 + Level 13.8 Air Magic
 + Level 13.8 Earth Magic
 + Level 13.8 Poison Magic
 + Level 17.2 Invocations
 + Level 16.0 Evocations


You had one spell level left.
You knew the following spells:

 Your Spells              Type           Power        Failure   Level  Hunger
a - Summon Ice Beast      Ice/Summ       #######.     1%          4    None
b - Blink                 Tloc           N/A          1%          2    None
c - Conjure Flame         Conj/Fire      #######.     1%          3    None
e - Mephitic Cloud        Conj/Pois/Air  #######.     1%          3    None
f - Freezing Cloud        Conj/Ice/Air   #######...   11%         6    None
g - Regeneration          Chrm/Necr      #######...   1%          3    None
i - Iron Shot             Conj/Erth      #######...   11%         6    None
k - Animate Skeleton      Necr           N/A          1%          1    None
l - Song of Slaying       Chrm           #######.     1%          2    None
o - Ring of Flames        Chrm/Fire      #######...   47%         7    ####...
r - Deflect Missiles      Chrm/Air       #######...   9%          6    None
t - Shroud of Golubria    Chrm/Tloc      #######...   1%          2    None
v - Poisonous Vapours     Pois/Air       ######       1%          2    None
x - Spectral Weapon       Hex/Chrm       #######.     1%          3    None
y - Yara's Violent Unrav  Hex/Tmut       #######...   1%          5    None
z - Summon Butterflies    Summ           #######.     1%          1    None


Dungeon Overview and Level Annotations

Branches:
Dungeon (15/15)            Temple (1/1) D:7            Lair (6/6) D:10
  Swamp (4/4) Lair:3       Spider (4/4) Lair:3          Orc (2/2) D:11
 Vaults (5/5) D:14         Depths (5/5) D:15           Hell (1/1)
    Zot (5/5) Depths:5
  Slime: Lair:5-6       Elf: Orc:2        Crypt: Vaults:2-3     Dis: Hell:1
    Geh: Hell:1         Coc: Hell:1         Tar: Hell:1

Altars:
Ashenzari
Cheibriados
Dithmenos
Elyvilon
Fedhas
Gozag
Hepliaklqana
Kikubaaqudgha
Makhleb
Nemelex Xobeh
Okawaru
Qazlal
Sif Muna
Trog
Uskayaw
Vehumet
Wu Jian
Xom
Yredelemnul
Zin
The Shining One
Lugonu

Shops:
D:9 *}}   Orc:2 (?[}   Vaults:5 }

Portals:
Hell: Depths:1 Depths:2
Abyss: Depths:4
Pandemonium: Depths:4

Annotations:
D:8 1 transporter AND DIG, Gastronok


Innate Abilities, Weirdness & Mutations

Your experience applies equally to all skills.
You have very sharp teeth.
Your uncanny sense of smell can sniff out nearby items.
You tend to lose your temper in combat.
Scrolls take you a little longer to read.
You are clumsy. (Dex -2)
Your body often deteriorates upon taking damage.
You are dopey. (Int -2)
You are frail. (-10% HP)
Your magical capacity is extremely low. (-30% MP)
You occasionally shout uncontrollably at your foes.
You are sometimes teleported next to monsters.
You are very weak. (Str -4)
Your spells are a little easier to cast, but a little less powerful.
You expend magic power (3 MP) to strengthen your wands.


Message History

The electric golem hits you but does no damage.
You block the electric golem's attack. x2
The electric golem hits you but does no damage.
The deathcap draws from the surrounding life force!
* * * LOW HITPOINT WARNING * * *
Unknown command.
Unknown command.
Unknown command.
Unknown command.
Unknown command.
Your blink will be uncontrolled - continue anyway? [Y]es or [N]o only, please.
Your blink will be uncontrolled - continue anyway? [Y]es or [N]o only, please.
Your blink will be uncontrolled - continue anyway? [Y]es or [N]o only, please.
Your blink will be uncontrolled - continue anyway?
Really read with blurry vision while enemies are nearby?
The electric golem hits you!
You die...

## ## ### ### #.# #.#
#.###.# #.# #.# ##.#.##
#.#.#######.##
#.###..fff## ####
##.##..f#f####.....
####### ##.##f.'y''''''''.
##.....#####.##f8f'''''+
........[...+..f@qqp'''+
............#..8ff*q.$.+
#......###..##.#z§zD$?.++
####'######'##.#'+'§p$.f+
.##
#......#......#'+'LXf.'+
...
##'###..#....).#'++zz''f+
..
.....#######.).#'++++++++
# ......##
######.'''''''''' ##
#####..#.................#
#.


You could see an orb of fire, 2 Killer Klowns, 2 electric golems, a tentacled
monstrosity, a purple draconian knight, a golden dragon (berserk), an ancient
lich (invisible), 2 curse toes, 2 death cobs, a white draconian annihilator, a
yellow draconian scorcher, 5 deathcaps, a moth of wrath and 8 wandering
mushrooms.

Vanquished Creatures
  2 ancient liches (Zot:5)
  3 orbs of fire (Zot:5)
  A juggernaut (Depths:4)
  Sojobo (Vaults:4)
  Saint Roka (Vaults:5)
  Bai Suzhen (Swamp:4)
  the Lernaean hydra (Swamp:4)
  2 Killer Klowns (Zot:5)
  A curse toe (Zot:3)
  Geryon (Hell)
  11 golden dragons
  An electric golem (Zot:1)
  5 tentacled monstrosities
  12 Orb Guardians (Zot:5)
  3 titans
  4 liches
  5 quicksilver dragons
  Murray (Depths:1)
  4 death cobs
  10 tengu reavers
  2 sphinxes
  12 shadow dragons
  A thorn hunter (Swamp:4)
  3 draconian monks
  8 storm dragons
  Donald (Vaults:4)
  5 fire giants
  A revenant (Hell)
  4 draconian knights
  4 emperor scorpions (Spider:4)
  11 vault wardens
  8 frost giants
  4 ghost moths
  Aizul (Swamp:2)
  An iron dragon (Vaults:5)
  4 draconian shifters
  6 draconian scorchers
  4 draconian annihilators
  12 ironheart preservers
  4 reapers
  5 war gargoyles
  18 very ugly things
  2 spriggan defenders (Depths:4)
  2 draconian stormcallers
  15 stone giants
  A deep elf demonologist (Vaults:5)
  5 green draconians
  A lorocyproca (Hell)
  2 vampire knights (Depths:4)
  2 red draconians
  2 black draconians (Zot:1)
  3 purple draconians
  9 white draconians
  A deep elf annihilator (Vaults:5)
  11 yellow draconians
  7 spark wasps
  10 ettins
  Snorg (D:14)
  A minotaur (Lab)
  2 crystal guardians
  3 blizzard demons
  3 deep elf death magi (Vaults:5)
  Josephine (Orc:1)
  3 great orbs of eyes
  A kraken zombie (Hell)
  6 deep elf high priests
  11 yaktaur captains
  6 fire dragons
  The ghost of Baghtru the Cleaver, a journeyman HOFi of the Shining One (Orc:1)
  36 vault guards
  Harold (Orc:1)
  2 rakshasas
  A hydra (shapeshifter) (Depths:2)
  3 ice dragons
  3 spriggan air magi
  A ghost crab (Swamp:4)
  16 ogre magi
  2 death knights (Vaults:4)
  17 hydras
  7 centaur warriors
  56 two-headed ogres
  Erica (D:8)
  5 alligators
  A catoblepas (Lair:2)
  14 tengu warriors
  8 death scarabs (Spider:4)
  4 deep troll shamans
  5 death yaks (Lair:6)
  A vampire mage (Depths:3)
  2 titan zombies
  5 deep troll earth magi
  A hell hog (Hell)
  A dancing weapon (Vaults:5)
  2 large abominations (Vaults:5)
  5 soul eaters
  A hell knight (Depths:5)
  10 spriggan berserkers
  A shock serpent (shapeshifter) (Vaults:5)
  8 sun demons
  2 iron trolls (Depths:2)
  2 spectral emperor scorpions (Spider:4)
  5 skeletal warriors
  3 deep elf knights
  A spark wasp zombie (Depths:2)
  A golden dragon zombie (Hell)
  2 quicksilver dragon simulacra (Depths:4)
  A titan skeleton (Depths:2)
  A wizard (D:15)
  A glowing orange brain (Depths:5)
  2 spriggan druids (Swamp:4)
  An unseen horror (D:13)
  20 deep trolls
  3 flayed ghosts
  2 wolf spider zombies (Spider:4)
  2 spectral wolf spiders (Spider:4)
  9 deep elf archers
  2 lindwurms (Volcano)
  8 swamp dragons
  9 orc knights
  4 phantasmal warriors
  A shambling mangrove (Swamp:4)
  A golden dragon skeleton (Depths:2)
  6 necromancers
  A lindwurm (shapeshifter) (Vaults:4)
  12 ironbrand convokers
  14 wolf spiders
  2 mana vipers (shapeshifter) (Vaults:5)
  An iron dragon zombie (Depths:2)
  A sphinx skeleton (Vaults:5)
  7 orb spiders
  9 deep elf magi
  A sphinx zombie (Depths:2)
  4 cyclopes
  A moth of wrath (shapeshifter) (Vaults:5)
  A shining eye (shapeshifter) (Depths:4)
  4 orc sorcerers
  A stone giant zombie (Hell)
  10 slime creatures
  17 moths of wrath
  15 ugly things
  A manticore (D:11)
  A stone giant skeleton (Hell)
  A centaur zombie (D:13)
  11 rust devils
  An elf zombie (Vaults:5)
  10 vault sentinels
  A frost giant skeleton (Hell)
  An orange demon (Depths:1)
  A smoke demon (Hell)
  A toenail golem (Volcano)
  2 molten gargoyles (Volcano)
  A fire giant skeleton (Depths:2)
  An ice statue (Depths:4)
  A water nymph (shapeshifter) (Vaults:4)
  4 spectral swamp worms (Depths:2)
  7 spiny frogs
  A small abomination (Depths:4)
  A spectral redback (Spider:4)
  20 yaktaurs
  A yaktaur zombie (Hell)
  5 komodo dragons
  A kobold demonologist (D:14)
  11 freezing wraiths
  A yaktaur skeleton (Vaults:5)
  2 redback zombies (Spider:4)
  2 red devils (Hell)
  4 demonic crawlers
  3 ice devils (Hell)
  5 tengu conjurers
  5 polar bears (Lair:6)
  A wind drake (shapeshifter) (Vaults:4)
  A jumping spider (shapeshifter) (Depths:2)
  A troll (shapeshifter) (Vaults:4)
  2 meliai (shapeshifter)
  6 tyrant leeches
  14 trolls
  20 jumping spiders
  17 hornets
  A sphinx simulacrum (Vaults:5)
  2 deep troll zombies (Hell)
  3 spectral jumping spiders (Spider:4)
  3 tarantella zombies (Spider:4)
  5 bog bodies
  A merfolk (shapeshifter) (Vaults:5)
  2 spectral tarantellas (Spider:4)
  A jumping spider zombie (Spider:4)
  Prince Ribbit (D:5)
  2 dream sheep (shapeshifter)
  A hornet (shapeshifter) (D:14)
  7 hippogriffs
  A blink frog (shapeshifter) (Vaults:4)
  2 ettin zombies (Hell)
  A dream sheep (Lair:6)
  2 fire dragon zombies (Hell)
  An alligator zombie (Hell)
  10 blink frogs
  A snapping turtle (shapeshifter) (Depths:2)
  An ettin skeleton (Vaults:5)
  2 flying skulls (Depths:4)
  Sigmund (D:5)
  24 redbacks
  An alligator skeleton (Hell)
  9 wraiths
  18 tarantellas
  17 spriggans
  4 water elementals
  8 yaks (Lair:3)
  A human (D:7)
  A tarantella (shapeshifter) (Vaults:4)
  3 shadows
  Eustachio (D:4)
  3 air elementals (Depths:2)
  A fire elemental (Hell)
  4 hogs (D:7)
  3 hungry ghosts
  2 basilisks
  A golden eye (shapeshifter) (Depths:1)
  A steam dragon (D:10)
  5 vampire mosquitoes
  13 swamp worms
  3 wargs
  10 water moccasins
  2 hell hounds (Hell)
  An acid dragon (D:12)
  A spiny frog zombie (Hell)
  2 floating eyes
  A porcupine (shapeshifter) (Vaults:4)
  Duvessa (D:6)
  2 porcupines
  9 swamp drakes
  4 black bears
  2 ice beasts
  30 orc warriors
  2 sky beasts
  3 spectral hornets (Spider:4)
  A necrophage (D:11)
  6 ettin simulacra
  2 eyes of draining (shapeshifter)
  A phantom (D:5)
  A swamp dragon skeleton (Hell)
  17 wolves
  2 hornet zombies
  54 ogres
  5 boggarts (Lair:6)
  4 centaurs
  An orc skeleton (Vaults:1)
  5 crocodiles
  An elf simulacrum (Vaults:1)
  Blork the orc (D:4)
  11 bullfrogs
  4 big kobolds (D:14)
  3 earth elementals (Volcano)
  A gnoll sergeant (Orc:1)
  A wyvern skeleton (D:8)
  Dowan (D:6)
  2 scorpions
  3 killer bees
  4 howler monkeys
  5 electric eels
  3 crimson imps
  9 hounds
  4 jellies
  A quasit (D:13)
  13 orc priests
  2 iron imps
  13 orc wizards
  3 centaur skeletons
  3 bullfrog skeletons
  Ijyb (D:4)
  Natasha (D:3)
  Terence (D:2)
  5 iguanas
  8 worker ants
  A hound zombie (D:6)
  4 gnolls (Orc:1)
  6 adders
  4 shadow imps
  An ooze (D:7)
  An adder zombie (D:9)
  An adder skeleton (D:5)
  3 worms
  A dart slug (D:2)
  3 leopard geckos
  84 orcs
  2 giant cockroaches (D:2)
  A hobgoblin (D:2)
  12 jackals
  7 kobolds
  2 quokkas (D:4)
  3 bats
  A frilled lizard (D:2)
  3 goblins
  6 rats
  4 briar patches (Swamp:4)
  A crawling corpse (Vaults:5)
  3 fungi
  3 spectral weapons
  A tentacle (Hell)
1485 creatures vanquished.

Vanquished Creatures (collateral kills)
  A frost giant (Hell)
  A water elemental (Hell)
2 creatures vanquished.

Vanquished Creatures (others)
  A tentacled monstrosity (Depths:2)
  A draconian stormcaller (Zot:5)
  A stone giant (Depths:1)
  A yaktaur captain (Depths:2)
  A spriggan air mage (Depths:2)
  A two-headed ogre (Depths:2)
  A deep elf knight (Vaults:5)
  A deep elf archer (Vaults:5)
  3 yaktaurs
  A demonic crawler (Spider:2)
  A spriggan zombie (Hell)
  An orc warrior (Vaults:3)
  2 ogres
  2 bushes (Lair:6)
  3 fungi (Lair:6)
  16 plants
  8 spectral weapons
  7 tentacles (Hell)
52 creatures vanquished.

Grand Total: 1539 creatures vanquished

Notes
Turn   | Place    | Note
-------+----------+-------------------------------------------
     0 | D:1      | letownia2 the Gnoll Skald began the quest for the Orb.
     0 | D:1      | Reached XP level 1. HP: 20/20 MP: 6/6
    64 | D:2      | Reached XP level 2. HP: 25/26 MP: 7/7
    72 | D:2      | Noticed Terence
   101 | D:2      | Killed Terence
   101 | D:2      | Reached skill level 5 in Spellcasting
   101 | D:2      | Reached XP level 3. HP: 6/31 MP: 2/9
   119 | D:2      | Learned a level 3 spell: Regeneration
   123 | D:2      | Learned a level 2 spell: Song of Slaying
   126 | D:2      | Learned a level 2 spell: Shroud of Golubria
   130 | D:2      | Learned a level 3 spell: Spectral Weapon
   229 | D:2      | Reached skill level 1 in Invocations
   372 | D:4      | Reached skill level 1 in Short Blades
   372 | D:4      | Reached skill level 1 in Long Blades
   372 | D:4      | Reached skill level 1 in Axes
   372 | D:4      | Reached skill level 1 in Maces & Flails
   372 | D:4      | Reached skill level 1 in Staves
   372 | D:4      | Reached skill level 1 in Slings
   372 | D:4      | Reached skill level 1 in Bows
   372 | D:4      | Reached skill level 1 in Crossbows
   372 | D:4      | Reached skill level 1 in Throwing
   372 | D:4      | Reached skill level 1 in Stealth
   372 | D:4      | Reached skill level 1 in Shields
   372 | D:4      | Reached skill level 1 in Unarmed Combat
   372 | D:4      | Reached skill level 1 in Evocations
   372 | D:4      | Reached XP level 4. HP: 34/38 MP: 7/11
   396 | D:4      | Found an opulent altar of Gozag.
   461 | D:3      | Noticed Natasha
   555 | D:4      | Reached skill level 1 in Conjurations
   555 | D:4      | Reached skill level 1 in Hexes
   555 | D:4      | Reached skill level 1 in Summonings
   555 | D:4      | Reached skill level 1 in Necromancy
   555 | D:4      | Reached skill level 1 in Translocations
   555 | D:4      | Reached skill level 1 in Transmutations
   555 | D:4      | Reached skill level 1 in Fire Magic
   555 | D:4      | Reached skill level 1 in Ice Magic
   555 | D:4      | Reached skill level 1 in Air Magic
   555 | D:4      | Reached skill level 1 in Earth Magic
   555 | D:4      | Reached skill level 1 in Poison Magic
   650 | D:3      | Killed Natasha
   650 | D:3      | Reached XP level 5. HP: 12/43 MP: 4/12
   720 | D:4      | Noticed Eustachio
   787 | D:4      | Killed Eustachio
   787 | D:4      | Reached skill level 2 in Invocations
   787 | D:4      | Reached XP level 6. HP: 22/50 MP: 4/14
   800 | D:5      | Entered Level 5 of the Dungeon
   817 | D:5      | Reached skill level 5 in Fighting
   817 | D:5      | Reached skill level 5 in Polearms
   817 | D:5      | Reached skill level 5 in Dodging
   819 | D:5      | Found a shattered altar of Ashenzari.
   914 | D:4      | Noticed Blork the orc
   921 | D:4      | Killed Blork the orc
   953 | D:4      | Noticed Ijyb
   959 | D:4      | Paralysed by Ijyb for 6 turns
   965 | D:4      | Killed Ijyb
   966 | D:4      | Reached XP level 7. HP: 56/56 MP: 12/15
  1202 | D:5      | Noticed Sigmund
  1217 | D:5      | Killed Sigmund
  1315 | D:5      | Noticed Prince Ribbit
  1324 | D:5      | Reached skill level 3 in Invocations
  1328 | D:5      | Killed Prince Ribbit
  1328 | D:5      | Reached XP level 8. HP: 47/63 MP: 14/16
  1570 | D:6      | Noticed Dowan
  1572 | D:6      | Noticed Duvessa
  1579 | D:6      | Killed Dowan
  1583 | D:6      | Killed Duvessa
  1642 | D:6      | Found a blossoming altar of Fedhas.
  1644 | D:6      | Got a transparent hand axe
  1899 | D:6      | Found a radiant altar of Vehumet.
  1991 | D:6      | Identified the cursed +0 hand axe of Bile {freeze, Dex+4} (You found it on level 6 of the Dungeon)
  2112 | D:7      | Reached skill level 4 in Invocations
  2145 | D:7      | Reached XP level 9. HP: 52/69 MP: 18/18
  2175 | D:7      | Reached skill level 5 in Armour
  2380 | D:7      | Found a sparkling altar of Nemelex Xobeh.
  2480 | D:7      | Found a staircase to the Ecumenical Temple.
  2486 | Temple   | Entered the Ecumenical Temple
  2567 | Temple   | Became a worshipper of Cheibriados the Contemplative
  2662 | D:8      | Reached skill level 5 in Invocations
  2671 | D:8      | Found a hazy altar of Hepliaklqana.
  2671 | D:8      | Noticed a two-headed ogre
  2677 | D:8      | Killed a two-headed ogre
  2677 | D:8      | Reached XP level 10. HP: 70/77 MP: 20/20
  2866 | D:8      | Noticed Erica
  2885 | D:8      | Killed Erica
  2885 | D:8      | Reached skill level 5 in Short Blades
  2885 | D:8      | Reached skill level 5 in Long Blades
  2885 | D:8      | Reached skill level 5 in Axes
  2885 | D:8      | Reached skill level 5 in Maces & Flails
  2885 | D:8      | Reached skill level 5 in Staves
  2885 | D:8      | Reached skill level 5 in Slings
  2885 | D:8      | Reached skill level 5 in Bows
  2885 | D:8      | Reached skill level 5 in Crossbows
  2885 | D:8      | Reached skill level 5 in Throwing
  2885 | D:8      | Reached skill level 5 in Stealth
  2885 | D:8      | Reached skill level 5 in Shields
  2885 | D:8      | Reached skill level 5 in Unarmed Combat
  2885 | D:8      | Reached skill level 5 in Evocations
  2961 | D:8      | Reached * piety under Cheibriados
  2992 | D:8      | Noticed a moth of wrath
  3016 | D:8      | Found a bloodstained altar of Trog.
  3127 | D:8      | Noticed a two-headed ogre
  3135 | D:8      | Killed a two-headed ogre
  3150 | D:8      | Found a transporter.
  3153 | D:8      | Found a corrupted altar of Lugonu.
  3163 | D:8      | Noticed a brown ugly thing
  3164 | D:8      | Noticed a green ugly thing
  3169 | D:8      | Noticed a red ugly thing
  3213 | D:8      | Noticed a two-headed ogre
  3228 | D:8      | Killed a two-headed ogre
  3228 | D:8      | Reached skill level 6 in Invocations
  3247 | D:8      | Noticed Gastronok
  3249 | D:8      | Noticed a two-headed ogre
  3314 | D:9      | Found Ruunupp's Gadget Shop.
  3393 | D:9      | Found Utuschy's Assorted Antiques.
  3396 | D:9      | Bought a scroll labeled YXKEYFOJONN for 21 gold pieces
  3414 | D:9      | Found Gurenkei's General Store.
  3452 | D:9      | Reached XP level 11. HP: 61/84 MP: 22/22
  3471 | D:9      | Noticed a two-headed ogre
  3480 | D:9      | Reached ** piety under Cheibriados
  3482 | D:9      | Killed a two-headed ogre
  3495 | D:9      | Found Veyn Vie's Gadget Boutique.
  3515 | D:9      | Learned a level 1 spell: Summon Butterflies
  3574 | D:10     | Entered Level 10 of the Dungeon
  3593 | D:10     | Found a staircase to the Lair.
  3635 | D:10     | Reached skill level 5 in Conjurations
  3635 | D:10     | Reached skill level 5 in Hexes
  3635 | D:10     | Reached skill level 5 in Summonings
  3635 | D:10     | Reached skill level 5 in Necromancy
  3635 | D:10     | Reached skill level 5 in Translocations
  3635 | D:10     | Reached skill level 5 in Transmutations
  3635 | D:10     | Reached skill level 5 in Fire Magic
  3635 | D:10     | Reached skill level 5 in Ice Magic
  3635 | D:10     | Reached skill level 5 in Air Magic
  3635 | D:10     | Reached skill level 5 in Earth Magic
  3635 | D:10     | Reached skill level 5 in Poison Magic
  3713 | D:10     | Got a twisted spear
  3714 | D:10     | Identified the cursed +2 spear of Sunlight {freeze, *Drain MR+ Dex+4 Stlth+} (You found it on level 10 of the Dungeon)
  3804 | D:10     | Reached *** piety under Cheibriados
  3838 | D:10     | Learned a level 3 spell: Mephitic Cloud
  4155 | D:11     | Noticed a four-headed hydra
  4161 | D:11     | Killed a four-headed hydra
  4171 | D:11     | Got a pair of ichor-stained gloves
  4177 | D:11     | Identified the +0 pair of gloves of Detuextu {+Fly Regen+} (You acquired it on level 11 of the Dungeon)
  4252 | D:11     | Noticed a two-headed ogre
  4263 | D:11     | Killed a two-headed ogre
  4263 | D:11     | Reached skill level 7 in Invocations
  4332 | D:11     | Found a staircase to the Orcish Mines.
  4429 | Orc:1    | Entered Level 1 of the Orcish Mines
  4429 | Orc:1    | Noticed Harold
  4429 | Orc:1    | Noticed an ettin
  4434 | Orc:1    | Reached **** piety under Cheibriados
  4437 | Orc:1    | Killed an ettin
  4443 | Orc:1    | Reached XP level 12. HP: 55/93 MP: 1/24
  4453 | Orc:1    | Killed Harold
  4487 | Orc:1    | Noticed Baghtru's ghost (journeyman HOFi)
  4504 | Orc:1    | Killed Baghtru's ghost
  4563 | D:11     | Learned a level 4 spell: Summon Ice Beast
  4569 | D:11     | Learned a level 5 spell: Yara's Violent Unravelling
  4586 | Orc:1    | Noticed a soul eater
  4718 | Orc:1    | Noticed Josephine
  4723 | Orc:1    | Killed Josephine
  4725 | Orc:1    | Reached ***** piety under Cheibriados
  4840 | Orc:2    | Entered Level 2 of the Orcish Mines
  4905 | Orc:2    | Found a dark tunnel.
  4910 | Volcano  | Entered a volcano
  4931 | Volcano  | Reached skill level 8 in Invocations
  5234 | Orc:2    | Noticed a two-headed ogre
  5242 | Orc:2    | Killed a two-headed ogre
  5268 | Orc:2    | Noticed an ogre mage
  5268 | Orc:2    | Noticed an ogre mage
  5272 | Orc:2    | Noticed a two-headed ogre
  5278 | Orc:2    | Killed an ogre mage
  5279 | Orc:2    | Noticed a two-headed ogre
  5280 | Orc:2    | Noticed a two-headed ogre
  5280 | Orc:2    | Killed an ogre mage
  5280 | Orc:2    | Reached XP level 13. HP: 91/101 MP: 19/26
  5318 | Orc:2    | Found Nolunt's Gadget Shoppe.
  5319 | Orc:2    | Reached skill level 9 in Invocations
  5337 | Orc:2    | Found Ficituel's Magic Scroll Emporium.
  5340 | Orc:2    | Found Tievviam's Antique Weapon Shop.
  5379 | Orc:2    | Bought a scroll of teleportation for 45 gold pieces
  5382 | Orc:2    | Found Vejots's Antique Armour Emporium.
  5395 | Orc:2    | Bought a fine morningstar for 216 gold pieces
  5397 | Orc:2    | Identified the +8 morningstar of Superiority {antimagic, rPois Int+5 Dex-3 Stlth+} (You bought it in a shop on level 2 of the Orcish Mines)
  5461 | Orc:2    | Reached ****** piety under Cheibriados
  5574 | Lair:1   | Entered Level 1 of the Lair of Beasts
  5644 | Lair:1   | Found a labyrinth entrance.
  5656 | Lab      | Entered a labyrinth
  5880 | Lab      | Noticed a minotaur
  5895 | Lab      | Killed a minotaur
  5897 | Lab      | Got a brightly glowing ivory amulet
  5899 | Lab      | Identified the amulet "Cunga" {Reflect SH+4 Stlth+} (You took it off a minotaur in a labyrinth)
  5905 | Lab      | Got a slimy platinum ring
  5912 | Lab      | Identified the ring "Myje" {rC+ Stlth-} (You found it in a labyrinth)
  5924 | Lab      | Learned a level 2 spell: Blink
  5928 | Lab      | Learned a level 3 spell: Conjure Flame
  6291 | Lair:3   | Found a staircase to the Swamp.
  6348 | Lair:3   | Found a hole to the Spider Nest.
  6357 | Lair:3   | Reached skill level 10 in Spellcasting
  6476 | Lair:6   | Entered Level 6 of the Lair of Beasts
  6502 | Lair:6   | Reached XP level 14. HP: 109/109 MP: 28/28
  6660 | Lair:6   | Reached skill level 10 in Fighting
  6660 | Lair:6   | Reached skill level 10 in Polearms
  6660 | Lair:6   | Reached skill level 10 in Dodging
  6731 | Lair:6   | Found the +4 arc blade {discharge, rElec}
  6984 | Lair:6   | Reached skill level 10 in Invocations
  7071 | Swamp:1  | Entered Level 1 of the Swamp
  7183 | Swamp:1  | Got scorched gold dragon scales
  7202 | Swamp:1  | Identified the +6 gold dragon scales of Generosity {rPois rF+ rC+ MR+ Str+4 Dex+5} (You acquired it on level 1 of the Swamp)
  7542 | Swamp:4  | Entered Level 4 of the Swamp
  7627 | Swamp:4  | Reached XP level 15. HP: 108/117 MP: 29/29
  7750 | Swamp:4  | Reached skill level 10 in Armour
  7757 | Swamp:4  | Found the +3 crown of Dyrovepreva {rElec Int+2 SInv}
  7831 | Swamp:4  | Noticed Bai Suzhen
  7842 | Swamp:4  | Killed Bai Suzhen
  7886 | Swamp:4  | Noticed a thorn hunter
  7901 | Swamp:4  | Killed a thorn hunter
  7901 | Swamp:4  | Reached skill level 10 in Charms
  7977 | Swamp:4  | Noticed the 27-headed Lernaean hydra
  8015 | Swamp:4  | Reached skill level 10 in Short Blades
  8015 | Swamp:4  | Reached skill level 10 in Long Blades
  8015 | Swamp:4  | Reached skill level 10 in Axes
  8015 | Swamp:4  | Reached skill level 10 in Maces & Flails
  8015 | Swamp:4  | Reached skill level 10 in Staves
  8015 | Swamp:4  | Reached skill level 10 in Slings
  8015 | Swamp:4  | Reached skill level 10 in Bows
  8015 | Swamp:4  | Reached skill level 10 in Crossbows
  8015 | Swamp:4  | Reached skill level 10 in Throwing
  8015 | Swamp:4  | Reached skill level 10 in Stealth
  8015 | Swamp:4  | Reached skill level 10 in Shields
  8015 | Swamp:4  | Reached skill level 10 in Unarmed Combat
  8015 | Swamp:4  | Reached skill level 10 in Evocations
  8050 | Swamp:4  | Killed the 27-headed Lernaean hydra
  8076 | Swamp:4  | Reached skill level 11 in Invocations
  8184 | Swamp:4  | Got a decaying rune of Zot
  8314 | Swamp:2  | Noticed Aizul
  8319 | Swamp:2  | Killed Aizul
  8431 | Lair:3   | Learned a level 2 spell: Poisonous Vapours
  8433 | Spider:1 | Entered Level 1 of the Spider Nest
  8490 | Spider:2 | Reached XP level 16. HP: 116/125 MP: 25/31
  8568 | Spider:4 | Entered Level 4 of the Spider Nest
  9131 | Spider:4 | Got a gossamer rune of Zot
  9197 | Spider:4 | Reached XP level 17. HP: 131/133 MP: 33/33
  9274 | Spider:4 | Reached skill level 12 in Invocations
  9858 | D:13     | Found a corrupted altar of Lugonu.
 10108 | D:14     | Noticed Snorg
 10126 | D:14     | Killed Snorg
 10137 | D:14     | Found a gate to the Vaults.
 10182 | Vaults:1 | Entered Level 1 of the Vaults
 10686 | Vaults:4 | Noticed a quicksilver dragon
 10688 | Vaults:4 | Noticed a lich
 10695 | Vaults:4 | Killed a quicksilver dragon
 10696 | Vaults:4 | Reached skill level 10 in Conjurations
 10696 | Vaults:4 | Reached skill level 10 in Hexes
 10696 | Vaults:4 | Reached skill level 10 in Summonings
 10696 | Vaults:4 | Reached skill level 10 in Necromancy
 10696 | Vaults:4 | Reached skill level 10 in Translocations
 10696 | Vaults:4 | Reached skill level 10 in Transmutations
 10696 | Vaults:4 | Reached skill level 10 in Fire Magic
 10696 | Vaults:4 | Reached skill level 10 in Ice Magic
 10696 | Vaults:4 | Reached skill level 10 in Air Magic
 10696 | Vaults:4 | Reached skill level 10 in Earth Magic
 10696 | Vaults:4 | Reached skill level 10 in Poison Magic
 10697 | Vaults:4 | Killed a lich
 10697 | Vaults:4 | Reached XP level 18. HP: 55/141 MP: 22/34
 10906 | Vaults:4 | Paralysed by a sphinx for 3 turns
 11008 | Vaults:4 | Noticed Sojobo
 11020 | Vaults:4 | Killed Sojobo
 11020 | Vaults:4 | Reached skill level 13 in Invocations
 11553 | Vaults:4 | Reached XP level 19. HP: 120/149 MP: 36/36
 11593 | Vaults:4 | Noticed Donald
 11597 | Vaults:4 | Killed Donald
 11638 | Vaults:4 | Learned a level 6 spell: Deflect Missiles
 11676 | Vaults:4 | Learned a level 5 spell: Silence
 11679 | Vaults:5 | Entered Level 5 of the Vaults
 12375 | Vaults:5 | Got a vibrating copper amulet
 12376 | Vaults:5 | Got a scorched hand axe {drain}
 12377 | Vaults:5 | Identified the +0 hand axe "Hiczarr" {drain, Int+4} (You took it off an ogre mage on level 5 of the Vaults)
 12384 | Vaults:5 | Noticed a tentacled monstrosity
 12398 | Vaults:5 | Killed a tentacled monstrosity
 12414 | Vaults:5 | Reached XP level 20. HP: 145/157 MP: 37/37
 12428 | Vaults:5 | Noticed Saint Roka
 12439 | Vaults:5 | Reached skill level 14 in Invocations
 12451 | Vaults:5 | Killed Saint Roka
 12505 | Vaults:5 | Identified Anutzo's Grimoire of Battle Magic
 12525 | Vaults:5 | Identified the amulet of Sukimi {Spirit *Slow rC++} (You took it off an ogre mage on level 5 of the Vaults)
 12559 | Vaults:5 | Learned a level 1 spell: Animate Skeleton
 12775 | Vaults:5 | Noticed a golden dragon
 12798 | Vaults:5 | Killed a golden dragon
 12809 | Vaults:5 | Got a silver rune of Zot
 13118 | Vaults:5 | Noticed a golden dragon
 13219 | Vaults:5 | Reached XP level 21. HP: 133/165 MP: 31/39
 13322 | Vaults:5 | Found Jurchopua's Gadget Emporium.
 13336 | Vaults:5 | Got heavily runed ice dragon scales
 13389 | Vaults:5 | Killed a golden dragon
 13475 | Vaults:5 | Identified the +3 ice dragon scales of Pygilung {+Inv rF- rC++ Int-5 Dex+5} (You found it on level 5 of the Vaults)
 13880 | D:15     | Entered Level 15 of the Dungeon
 14020 | D:15     | Found a staircase to the Depths.
 14032 | Depths:1 | Entered Level 1 of the Depths
 14140 | Depths:1 | Paralysed by a great orb of eyes for 7 turns
 14295 | Depths:1 | Found a gateway to Hell.
 14370 | Hell     | Entered the Vestibule of Hell
 14373 | Hell     | Noticed Geryon
 14465 | Hell     | Killed Geryon
 14483 | Hell     | Learned a level 7 spell: Ring of Flames
 14545 | Hell     | Noticed Murray
 14548 | Hell     | Reached skill level 15 in Invocations
 14736 | Depths:1 | Killed Murray
 15024 | Depths:2 | Reached XP level 22. HP: 129/173 MP: 24/40
 15059 | Depths:2 | Identified the Papyrus of Black Secrets
 15068 | Depths:2 | Learned a level 6 spell: Freezing Cloud
 15171 | Depths:2 | Noticed a golden dragon
 15221 | Depths:2 | Killed a golden dragon
 15362 | Depths:2 | Reached skill level 15 in Spellcasting
 15405 | Depths:2 | Reached skill level 15 in Fighting
 15405 | Depths:2 | Reached skill level 15 in Polearms
 15405 | Depths:2 | Reached skill level 15 in Dodging
 15536 | Depths:2 | Found a flickering gateway to a bazaar.
 15552 | Bazaar   | Entered a bazaar
 15566 | Bazaar   | Found Cuiciec's Antique Armour Emporium.
 15572 | Bazaar   | Bought a slimy helmet for 142 gold pieces
 15582 | Bazaar   | Identified the +1 helmet of the Guild-Master {+Blink +Fly} (You bought it in a shop in a bazaar)
 15603 | Bazaar   | Found Tilaqah's Assorted Antiques.
 15603 | Bazaar   | Found Faeluukh's Gadget Shoppe.
 15624 | Bazaar   | Found Dicuirph's Armour Emporium.
 15624 | Bazaar   | Found Zagu's General Store.
 15648 | Bazaar   | Bought a scroll labeled KOTEMISOUN for 33 gold pieces
 15654 | Bazaar   | Bought a wand of acid (6) for 240 gold pieces
 15677 | Bazaar   | Found Bumn's Antique Armour Emporium.
 15677 | Bazaar   | Found Paulif's Book Shoppe.
 15875 | Depths:4 | Found an ornate altar of the Wu Jian Council.
 15877 | Depths:4 | Found a one-way gate to the infinite horrors of the Abyss.
 15957 | Depths:4 | Reached XP level 23. HP: 81/181 MP: 20/42
 16018 | Depths:4 | Reached skill level 15 in Armour
 16108 | Depths:4 | Noticed a golden dragon
 16140 | Depths:4 | Killed a golden dragon
 16140 | Depths:4 | Reached skill level 16 in Invocations
 16252 | Depths:4 | Noticed a juggernaut
 16266 | Depths:4 | Killed a juggernaut
 16311 | Depths:4 | Found a snail-covered altar of Cheibriados.
 16348 | Depths:4 | Found a one-way gate leading to the halls of Pandemonium.
 16403 | Depths:4 | Noticed a golden dragon
 16424 | Depths:4 | Killed a golden dragon
 16518 | Depths:5 | Entered Level 5 of the Depths
 16555 | Depths:5 | Paralysed by a floating eye for 2 turns
 16564 | Depths:5 | Reached skill level 15 in Short Blades
 16564 | Depths:5 | Reached skill level 15 in Long Blades
 16564 | Depths:5 | Reached skill level 15 in Axes
 16564 | Depths:5 | Reached skill level 15 in Maces & Flails
 16564 | Depths:5 | Reached skill level 15 in Staves
 16564 | Depths:5 | Reached skill level 15 in Slings
 16564 | Depths:5 | Reached skill level 15 in Bows
 16564 | Depths:5 | Reached skill level 15 in Crossbows
 16564 | Depths:5 | Reached skill level 15 in Throwing
 16564 | Depths:5 | Reached skill level 15 in Stealth
 16564 | Depths:5 | Reached skill level 15 in Shields
 16564 | Depths:5 | Reached skill level 15 in Unarmed Combat
 16564 | Depths:5 | Reached skill level 15 in Evocations
 16728 | Depths:5 | Found a gate to the Realm of Zot.
 16848 | Zot:1    | Entered Level 1 of the Realm of Zot
 16916 | Zot:1    | Noticed a golden dragon
 16927 | Zot:1    | Noticed a golden dragon
 16939 | Zot:1    | Killed a golden dragon
 16948 | Zot:1    | Killed a golden dragon
 17006 | Zot:1    | Got a clouded crystal amulet
 17008 | Zot:1    | Identified the amulet of Fitisiu {Reflect MR+ SH+3} (You found it on level 1 of the Realm of Zot)
 17128 | Zot:1    | Reached XP level 24. HP: 146/190 MP: 42/42
 17379 | Zot:2    | Got a translucent long sword
 17380 | Zot:2    | Identified the +7 long sword of Impeachment {slice, Str+2 Int+4} (You found it on level 2 of the Realm of Zot)
 17609 | Zot:4    | Noticed a curse toe
 17632 | Zot:3    | Killed a curse toe
 17680 | Zot:5    | Entered Level 5 of the Realm of Zot
 17717 | Zot:5    | Reached skill level 15 in Transmutations
 17784 | Zot:4    | Noticed a curse toe
 18080 | Zot:5    | Noticed an ancient lich
 18087 | Zot:5    | Noticed an ancient lich
 18088 | Zot:5    | Noticed a Killer Klown
 18103 | Zot:5    | Killed an ancient lich
 18103 | Zot:5    | Gained mutation: Your body sometimes deteriorates upon taking damage. [you]
 18104 | Zot:5    | Gained mutation: Your magical capacity is low. (-10% MP) [you]
 18114 | Zot:5    | Killed an ancient lich
 18115 | Zot:5    | Noticed an orb of fire
 18116 | Zot:5    | Noticed an orb of fire
 18123 | Zot:5    | Killed a Killer Klown
 18123 | Zot:5    | Reached skill level 17 in Invocations
 18131 | Zot:5    | Gained mutation: Scrolls take you a little longer to read. [an orb of fire]
 18133 | Zot:5    | Gained mutation: Your magical capacity is very low. (-20% MP) [an orb of fire]
 18133 | Zot:5    | Gained mutation: You are weak. (Str -2) [an orb of fire]
 18140 | Zot:5    | Gained mutation: You are dopey. (Int -2) [an orb of fire]
 18141 | Zot:5    | HP: 8/188 [orb of fire/bolt of fire (9)]
 18141 | Zot:5    | Gained mutation: You are occasionally teleported next to monsters. [an orb of fire]
 18142 | Zot:5    | Gained mutation: You tend to lose your temper in combat. [an orb of fire]
 18142 | Zot:5    | Gained mutation: You occasionally shout uncontrollably at your foes. [an orb of fire]
 18143 | Zot:5    | Noticed an orb of fire
 18143 | Zot:5    | Killed an orb of fire
 18145 | Zot:5    | Killed an orb of fire
 18145 | Zot:5    | Reached XP level 25. HP: 20/198 MP: 21/34
 18168 | Zot:5    | HP: 6/198 [orb of fire/bolt of fire (28)]
 18183 | Zot:5    | Noticed a Killer Klown
 18209 | Zot:5    | Killed a Killer Klown
 18284 | Zot:5    | Noticed an orb of fire
 18288 | Zot:5    | Noticed an orb of fire
 18289 | Zot:5    | Gained mutation: You are clumsy. (Dex -2) [an orb of fire]
 18293 | Zot:5    | Gained mutation: You are frail. (-10% HP) [an orb of fire]
 18298 | Zot:5    | Gained mutation: You expend magic power (3 MP) to strengthen your wands. [an orb of fire]
 18306 | Zot:5    | Noticed an orb of fire
 18306 | Zot:5    | Noticed an orb of fire
 18310 | Zot:5    | Noticed an orb of fire
 18352 | Zot:5    | Learned a level 6 spell: Iron Shot
 18441 | Zot:5    | Gained mutation: You are very weak. (Str -4) [an orb of fire]
 18448 | Zot:5    | Gained mutation: Your magical capacity is extremely low. (-30% MP) [an orb of fire]
 18454 | Zot:5    | Killed an orb of fire
 18465 | Zot:5    | Gained mutation: Your body often deteriorates upon taking damage. [an orb of fire]
 18466 | Zot:5    | Gained mutation: You are sometimes teleported next to monsters. [an orb of fire]
 18556 | Zot:4    | Found a huge runed gate.
 18556 | Zot:4    | Found a huge runed gate.
 18561 | Zot:4    | Found a huge runed gate.
 18562 | Zot:4    | Found a huge runed gate.
 18568 | Zot:4    | Found a huge runed gate.
 18621 | Zot:4    | Found a huge runed gate.
 18629 | Zot:4    | Found a huge runed gate.
 18633 | Zot:4    | Found a huge runed gate.
 18633 | Zot:4    | Found a huge runed gate.
 18704 | Zot:4    | Found a huge runed gate.
 18704 | Zot:4    | Found a huge runed gate.
 18704 | Zot:4    | Found a huge runed gate.
 18704 | Zot:4    | Found a huge runed gate.
 18704 | Zot:4    | Found a huge runed gate.
 18704 | Zot:4    | Found a huge runed gate.
 18704 | Zot:4    | Found a huge runed gate.
 18704 | Zot:4    | Found a huge runed gate.
 18704 | Zot:4    | Found a huge runed gate.
 18745 | Zot:4    | Noticed an ancient lich
 18745 | Zot:4    | Noticed an orb of fire
 18745 | Zot:4    | Noticed a Killer Klown
 18745 | Zot:4    | Noticed a Killer Klown
 18760 | Zot:4    | Gained mutation: Your spells are a little easier to cast, but a little less powerful. [an orb of fire]
 18763 | Zot:4    | HP: 6/179 [deathcap/drain life[a curse toe] (3)]
 18764 | Zot:4    | Slain by an electric golem

Skill      XL: |  1  2  3  4  5  6  7  8  9 10 11 12 13 14 15 16 17 18 19 20 21 22 23 24 25 |
---------------+----------------------------------------------------------------------------+-----
Spellcasting   | 5 6 7 8 9 10 11 12 13 14 15 16 | 16.6
Invocations    | 1 2 3 4 5 6 7 8 9 10 11 12 13 14 15 16 17 | 17.2
Short Blades   | 1 2 3 4 5 6 7 8 9 10 11 12 13 14 15 16 | 16.0
Long Blades    | 1 2 3 4 5 6 7 8 9 10 11 12 13 14 15 16 | 16.0
Axes           | 1 2 3 4 5 6 7 8 9 10 11 12 13 14 15 16 | 16.0
Maces & Flails | 1 2 3 4 5 6 7 8 9 10 11 12 13 14 15 16 | 16.0
Staves         | 1 2 3 4 5 6 7 8 9 10 11 12 13 14 15 16 | 16.0
Slings         | 1 2 3 4 5 6 7 8 9 10 11 12 13 14 15 16 | 16.0
Bows           | 1 2 3 4 5 6 7 8 9 10 11 12 13 14 15 16 | 16.0
Crossbows      | 1 2 3 4 5 6 7 8 9 10 11 12 13 14 15 16 | 16.0
Throwing       | 1 2 3 4 5 6 7 8 9 10 11 12 13 14 15 16 | 16.0
Stealth        | 1 2 3 4 5 6 7 8 9 10 11 12 13 14 15 16 | 16.0
Shields        | 1 2 3 4 5 6 7 8 9 10 11 12 13 14 15 16 | 16.0
Unarmed Combat | 1 2 3 4 5 6 7 8 9 10 11 12 13 14 15 16 | 16.0
Evocations     | 1 2 3 4 5 6 7 8 9 10 11 12 13 14 15 16 | 16.0
Conjurations   | 1 2 3 4 5 6 7 8 9 10 11 12 13 | 13.8
Hexes          | 1 2 3 4 5 6 7 8 9 10 11 12 13 | 13.8
Summonings     | 1 2 3 4 5 6 7 8 9 10 11 12 13 | 13.8
Necromancy     | 1 2 3 4 5 6 7 8 9 10 11 12 13 | 13.8
Translocations | 1 2 3 4 5 6 7 8 9 10 11 12 13 | 13.8
Transmutations | 1 2 3 4 5 6 7 8 9 10 11 12 13 14 15 | 15.8
Fire Magic     | 1 2 3 4 5 6 7 8 9 10 11 12 13 | 13.8
Ice Magic      | 1 2 3 4 5 6 7 8 9 10 11 12 13 | 13.8
Air Magic      | 1 2 3 4 5 6 7 8 9 10 11 12 13 | 13.8
Earth Magic    | 1 2 3 4 5 6 7 8 9 10 11 12 13 | 13.8
Poison Magic   | 1 2 3 4 5 6 7 8 9 10 11 12 13 | 13.8
Armour         | 3 4 5 6 7 8 9 10 11 12 13 14 15 16 | 16.2
Fighting       | 5 6 7 8 9 10 11 12 13 14 15 16 | 16.5
Polearms       | 5 6 7 8 9 10 11 12 13 14 15 16 | 16.5
Dodging        | 5 6 7 8 9 10 11 12 13 14 15 16 | 16.5
Charms         | 6 7 8 9 10 11 12 13 14 | 14.6

Action                   |  1- 3 |  4- 6 |  7- 9 | 10-12 | 13-15 | 16-18 | 19-21 | 22-24 | 25-27 || total
-------------------------+-------+-------+-------+-------+-------+-------+-------+-------+-------++-------
Melee: Spear             |    72 |    31 |       |   359 |   364 |       |       |       |       ||   826
       Bite              |     7 |    16 |    21 |    97 |   175 |   174 |   294 |   283 |    61 ||  1128
       Hand axe          |       |    52 |   187 |   172 |       |       |       |       |       ||   411
       Punch             |       |       |       |     1 |       |       |       |       |       ||     1
       Morningstar       |       |       |       |       |     8 |       |       |       |       ||     8
       Rapier            |       |       |       |       |   446 |   852 |  1138 |   984 |   118 ||  3538
       Unarmed           |       |       |       |       |       |     5 |       |       |       ||     5
       Falchion          |       |       |       |       |       |       |    21 |       |       ||    21
       Demon blade       |       |       |       |       |       |       |       |    75 |       ||    75
       Long sword        |       |       |       |       |       |       |       |    45 |    51 ||    96
Throw: Throwing net      |     1 |       |       |       |       |       |       |       |       ||     1
       Tomahawk          |       |       |       |    14 |     3 |     2 |       |       |       ||    19
       Javelin           |       |       |       |       |       |     1 |    12 |     1 |       ||    14
 Cast: Infusion          |     3 |       |       |       |       |       |       |       |       ||     3
       Shroud of Golubri |     5 |    12 |    22 |    22 |    38 |    17 |    24 |    14 |       ||   154
       Regeneration      |     2 |     6 |     7 |    26 |    22 |    24 |    56 |    45 |    12 ||   200
       Spectral Weapon   |       |     5 |     8 |    35 |    24 |     9 |     7 |     5 |     2 ||    95
       Song of Slaying   |       |     1 |     3 |    15 |    14 |    15 |    12 |    12 |     1 ||    73
       Mephitic Cloud    |       |       |       |    15 |    25 |     9 |    20 |     6 |       ||    75
       Blink             |       |       |       |       |     5 |       |     6 |     9 |    13 ||    33
       Poisonous Vapours |       |       |       |       |     3 |    15 |     5 |     5 |       ||    28
       Conjure Flame     |       |       |       |       |       |     4 |       |     5 |       ||     9
       Deflect Missiles  |       |       |       |       |       |       |     1 |     3 |       ||     4
       Yara's Violent Un |       |       |       |       |       |       |       |     2 |       ||     2
       Ring of Flames    |       |       |       |       |       |       |       |     1 |     1 ||     2
       Freezing Cloud    |       |       |       |       |       |       |       |     1 |       ||     1
       Iron Shot         |       |       |       |       |       |       |       |       |     7 ||     7
       Summon Ice Beast  |       |       |       |       |       |       |       |       |     1 ||     1
Invok: Slouch            |       |       |       |     2 |       |     5 |    13 |    20 |       ||    40
 Abil: Evoke Flight      |       |       |       |       |       |     4 |       |       |       ||     4
Evoke: Wand              |       |       |       |    35 |    22 |    10 |    15 |    14 |    10 ||   106
       Crystal ball of e |       |       |       |       |     1 |       |       |       |       ||     1
       Horn of Geryon    |       |       |       |       |       |       |     1 |       |       ||     1
  Use: Scroll            |       |       |     4 |    17 |    20 |     4 |     8 |    16 |     6 ||    75
       Potion            |       |       |       |       |       |     2 |     1 |     7 |    11 ||    21
 Stab: Sleeping          |     2 |       |       |     2 |     2 |       |       |       |       ||     6
       Distracted        |       |     1 |     1 |     7 |    11 |     3 |     4 |     2 |       ||    29
       Confused          |       |       |       |    12 |    23 |     7 |    27 |     2 |       ||    71
  Eat: Chunk             |       |     1 |     7 |    12 |     8 |     8 |     4 |     6 |       ||    46
       Ration            |       |       |       |       |       |       |     4 |     2 |       ||     6
Armor: Leather armour    |     3 |    23 |    29 |       |       |       |       |       |       ||    55
       Scale mail        |       |       |       |    82 |       |       |       |       |       ||    82
       Chain mail        |       |       |       |     3 |    85 |       |       |       |       ||    88
       Gold dragon scale |       |       |       |       |   292 |   321 |   392 |   328 |    98 ||  1431
Dodge: Dodged            |    39 |    89 |   126 |   283 |   532 |   503 |   851 |   768 |   185 ||  3376
       Deflected         |       |       |     4 |     8 |     7 |    24 |    40 |    32 |       ||   115
Block: Buckler           |       |    23 |    39 |   165 |   538 |   344 |    63 |       |       ||  1172
       Reflection        |       |       |       |       |     2 |     2 |    46 |    39 |     2 ||    91
       Shield            |       |       |       |       |       |   272 |   966 |  1003 |   172 ||  2413
       Rpst.: Falchion   |       |       |       |       |       |       |     5 |       |       ||     5
       Demon blade       |       |       |       |       |       |       |       |     5 |       ||     5
       Long sword        |       |       |       |       |       |       |       |     3 |     3 ||     6
